Map: Shrines of Lizul

Players

PureLegacy - Winner!

  • Race: Terran Terran
  • Spawn Location: 6:00

ADOIFHlTLER - Winner!

  • Race: Terran Terran
  • League: Master
  • Spawn Location: 9:00

ViperHyper

  • Race: Zerg Zerg
  • Spawn Location: 3:00

llllllllllll

  • Race: Terran Terran
  • Spawn Location: 12:00

VOD

Have the link to the VOD?

Description

Time

  • Played on: Nov. 22, 2018, 9:51 a.m.
  • Length: 4:12
Show
View Real Time Build Order
Export as new Build Order

PureLegacy Terran - Winner!

Build Orders:  

Get SALT Encoding   

  12  0:01  SCV  
  13  0:13  SCV  
  14  0:18  Supply Depot  
  14  0:25  SCV  
  15  0:32  Refinery  
  15  0:40  SCV  
  16  0:46  Barracks  
  16  0:52  SCV  
  17  1:05  Barracks  
  17  1:16  Barracks  
  17  1:22  SCV  
  18  1:37  Reaper  
  18  1:38  Supply Depot  
  19  1:49  Orbital Command  
  19  1:57  Reaper  
  20  2:08  Reaper  
  21  2:19  Refinery  
  21  2:22  Reaper  
  22  2:26  SCV  
  23  2:34  Reaper  
  24  2:42  SCV  
  25  2:44  Reaper  
  25  2:45  Supply Depot  
  26  2:54  SCV  
  26  2:55  Reaper  
  28  2:59  Barracks  
  28  3:16  Reaper  
  28  3:19  Reaper, SCV  
  31  3:20  Barracks  
  31  3:25  Supply Depot  
  31  3:27  Reaper  
  32  3:42  SCV  
  34  3:58  SCV  
Show
View Real Time Build Order
Export as new Build Order

ADOIFHlTLER Terran - Winner!

Build Orders: 1/1/1 

Get SALT Encoding   

  12  0:01  SCV  
  13  0:13  SCV  
  14  0:18  Supply Depot  
  14  0:25  SCV  
  15  0:32  Refinery  
  15  0:39  SCV  
  16  0:46  Barracks  
  16  0:51  SCV  
  17  0:58  Refinery  
  17  1:03  SCV  
  18  1:15  SCV  
  18  1:36  Reaper  
  18  1:37  Factory  
  19  1:41  Orbital Command  
  19  1:49  Supply Depot  
  19  2:07  SCV  
  20  2:14  Bunker  
  20  2:16  Marine  
  20  2:22  Starport  
  21  2:23  Factory Tech Lab  
  21  2:25  SCV  
  22  2:34  Marine  
  23  2:37  SCV  
  24  2:46  Bunker  
  24  2:51  SCV  
  24  2:55  Marine  
  24  2:58  Factory Tech Lab  
  25  3:05  Banshee  
  28  3:09  Supply Depot  
  28  3:12  SCV  
  29  3:19  Marine  
  30  3:32  Siege Tank  
  33  3:52  Barracks Reactor  
  33  3:57  Command Center  
Show
View Real Time Build Order
Export as new Build Order

ViperHyper Zerg 

Build Orders: Pool First 

Get SALT Encoding   

  12  0:19  Spawning Pool  
  11  0:23  Drone  
  11  0:28  Drone  
  13  0:32  Drone  
  14  0:41  Overlord  
  14  1:06  Zergling x6  
  17  1:18  Hatchery  
  17  1:22  Drone  
  17  1:28  Drone  
  18  1:39  Drone  
  19  1:42  Queen  
  21  1:52  Drone  
  22  2:00  Overlord  
  22  2:18  Queen  
  22  2:19  Drone  
  24  2:30  Queen  
  24  2:31  Drone x2  
  24  2:32  Drone, Extractor  
  24  2:33  Extractor  
  27  2:42  Overlord  
  27  2:45  Drone  
  27  2:51  Hatchery  
  27  2:53  Drone x3  
  27  2:54  Drone  
  27  2:58  Queen  
  31  3:00  Drone  
  34  3:05  Queen  
  34  3:06  Drone  
  34  3:09  Drone  
  37  3:14  Drone  
  37  3:18  Roach Warren  
  37  3:19  Drone  
  38  3:22  Spine Crawler  
  38  3:24  Spine Crawler  
  38  3:25  Drone  
  37  3:38  Drone x2  
  39  3:41  Drone x2  
  39  3:45  Drone x2  
Show
View Real Time Build Order
Export as new Build Order

llllllllllll Terran 

Build Orders:  

Get SALT Encoding   

  12  0:12  SCV  
  13  0:15  Supply Depot  
  13  0:24  SCV  
  13  0:27  Refinery  
  14  0:38  SCV  
  15  0:44  Barracks  
  15  1:00  Barracks  
  15  1:02  SCV  
  16  1:14  SCV  
  17  1:31  Barracks Tech Lab  
  17  1:32  Orbital Command  
  17  1:46  Barracks Tech Lab  
  17  1:50  Marauder  
  19  1:56  Concussive Shells  
  19  2:05  Supply Depot  
  19  2:06  Marauder  
  21  2:26  Marauder  
  21  2:27  Marauder  
  25  2:48  Refinery  
  25  3:30  Marauder  
  25  3:31  Marauder  
Tags
 
Add a new tag
Caveats
  • Supply blocks, unpowered buildings, or Contaminate may cause inaccurate times.
  • Supply counts are checked every 10 seconds.